 Dungeon Crawl Stone Soup version 0.20.0-15-g7f486f2 (webtiles) character file.

830 AverageBear the Ducker (level 7, -7/40 HPs)
             Began as a Deep Elf Fighter on June 16, 2017.
             Mangled by an ogre
             ... wielding a +0 giant club
              (17 damage)
             ... on level 4 of the Dungeon.
             The game lasted 00:08:03 (3976 turns).

AverageBear the Ducker (Deep Elf Fighter)           Turns: 3976, Time: 00:08:04

Health: -7/40      AC: 18    Str: 14    XL:     7   Next: 65%
Magic:  9/9        EV:  6    Int: 13    God:
Gold:   168        SH:  8    Dex: 15    Spells: 5/6 levels left

rFire    . . .     SeeInvis +   D - +2 dagger (flame)
rCold    . . .     Gourm    .   c - +0 shield
rNeg     . . .     Faith    .   i - +4 chain mail {rPois}
rPois    +         Spirit   .   r - +1 helmet
rElec    .         Reflect  .   t - +0 cloak
rCorr    .         Harm     .   o - +1 pair of gloves
MR       +....                  (no boots)
Stlth    ..........             (no amulet)
Regen    0.2/turn               g - ring of see invisible
MPRegen  0.2/turn               y - ring of protection from magic

@: no status effects
A: no striking features
a: no special abilities


You were on level 4 of the Dungeon.
You were not hungry.

You visited 1 branch of the dungeon, and saw 4 of its levels.
You also visited: Sewer.

You collected 168 gold pieces.

Inventory:

Hand Weapons
 a - a +0 rapier
 C - a +2 antimagic dagger
 D - a +2 dagger of flaming (weapon)
Missiles
 E - 6 javelins (quivered)
Armour
 b - a +0 scale mail
 c - a +0 shield (worn)
 i - a +4 chain mail of poison resistance (worn)
 o - a +1 pair of gloves (worn)
 r - a +1 helmet (worn)
 t - a +0 cloak (worn)
Jewellery
 g - a ring of see invisible (left hand)
 y - a ring of protection from magic (right hand)
 A - a cursed -5 ring of slaying {unknown}
Scrolls
 h - a scroll of recharging
 l - a scroll of blinking
 p - a scroll of noise
 q - 4 scrolls of remove curse
 s - 3 scrolls of fog
 x - 3 scrolls of identify
 z - a scroll of amnesia
 F - a scroll of enchant weapon {unknown}
Potions
 d - a potion of might
 e - a potion of flight
 k - a potion of haste
 v - 2 potions of heal wounds
 w - 7 potions of curing
Books
 n - a book of Minor Magic

   Spells                             Type                      Level
   a - Magic Dart                     Conjuration                  1
   b - Blink                          Translocation                2
   c - Call Imp                       Summoning                    2
   d - Slow                           Hexes                        2
   e - Conjure Flame                  Conjuration/Fire             3
   f - Mephitic Cloud                 Conjuration/Poison/Air       3
Comestibles
 f - 2 bread rations
 j - a meat ration
 m - 2 fruits
 u - a royal jelly
 B - a chunk of flesh


   Skills:
 - Level 2.4 Fighting
 - Level 6.0 Short Blades
 + Level 3.0 Armour
 - Level 7.1 Dodging
 - Level 2.4 Shields


You had 5 spell levels left.
You knew the following spells:

 Your Spells              Type           Power        Failure   Level  Hunger
a - Magic Dart            Conj           #...         100%        1    ##.....


Dungeon Overview and Level Annotations

Branches:
Dungeon (4/15)
 Temple: D:4-7

Altars:
Ashenzari
Makhleb
Sif Muna


Message History

Okay, then.
You block the ogre's attack.
Your shield prevents you from hitting the ogre.
You hit the ogre. You burn the ogre.
The ogre is lightly wounded.
The ogre closely misses you.
You hit the ogre. You burn the ogre.
The ogre is moderately wounded.
Your shield and chain mail prevent you from hitting the ogre.
The ogre is moderately wounded.
The ogre hits you with a giant club!
You closely miss the ogre.
The ogre is moderately wounded.
The ogre hits you with a giant club!!
Ouch! That really hurt!
* * * LOW HITPOINT WARNING * * *
You hit the ogre. You burn the ogre.
The ogre is heavily wounded.
The ogre hits you with a giant club!
You die...

........# #..#.# #...###≈≈
........# #..#.# #...#≈≈#≈
........#######....####..#.≈≈≈≈
.............##.#..##.....≈≈≈≈≈
..!..........+..#.......#≈##≈≈≈
.............##.#...#...#≈≈≈≈≈≈
........##'##.......#.....≈≈≈≈≈
........##.##.......#..).≈≈≈≈≈≈
........##.##.@.....#...))≈≈≈≈≈
#####.####.##O........#..#≈≈≈≈≈
.. #.......#....#..#.≈)≈≈ ...
#......(.....#...##≈≈≈
#..######....#...###≈≈ #..#
#....#...###.# ...#
#..#.#....#.## .....
..##........#.
###########.##..........


You could see an ogre.

Vanquished Creatures
  Sigmund (D:3)
  A phantom (D:4)
  3 big kobolds (Sewer)
  5 orc wizards (D:4)
  A bullfrog skeleton (D:4)
  An orc priest (D:4)
  Terence (D:3)
  2 gnolls (D:3)
  4 adders
  3 oozes
  An adder skeleton (D:4)
  2 worms
  10 dart slugs
  10 orcs
  10 ball pythons
  5 giant cockroaches
  12 goblins
  5 hobgoblins
  8 bats
  10 frilled lizards
  13 kobolds
  A leopard gecko skeleton (D:4)
  13 rats
122 creatures vanquished.

Vanquished Creatures (others)
  A ball python (D:4)
1 creature vanquished.

Grand Total: 123 creatures vanquished

Notes
Turn   | Place    | Note
-------+----------+-------------------------------------------
     0 | D:1      | AverageBear the Deep Elf Fighter began the quest for the Orb.
     0 | D:1      | Reached XP level 1. HP: 13/13 MP: 3/3
    43 | D:1      | Reached skill level 1 in Dodging
    53 | D:1      | Reached skill level 2 in Dodging
    54 | D:1      | Reached XP level 2. HP: 14/18 MP: 4/4
   503 | D:1      | Reached skill level 3 in Dodging
   710 | D:2      | Found a faded altar of an unknown god.
   743 | D:2      | Reached XP level 3. HP: 22/22 MP: 5/5
   851 | D:2      | Learned a level 1 spell: Magic Dart
  1163 | D:2      | Found a deep blue altar of Sif Muna.
  1306 | D:2      | Reached XP level 4. HP: 27/27 MP: 6/6
  1653 | D:2      | Found a burning altar of Makhleb.
  1707 | D:3      | Found a shattered altar of Ashenzari.
  1713 | D:3      | Found a glowing drain.
  1821 | Sewer    | Entered a sewer
  1882 | Sewer    | Noticed a big kobold
  1896 | Sewer    | Killed a big kobold
  1896 | Sewer    | Reached XP level 5. HP: 27/31 MP: 7/7
  2060 | Sewer    | Reached skill level 5 in Short Blades
  2121 | Sewer    | Reached XP level 6. HP: 23/36 MP: 8/8
  2393 | D:3      | Noticed Terence
  2420 | D:3      | Killed Terence
  2525 | D:3      | Noticed Sigmund
  2580 | D:3      | Killed Sigmund
  2580 | D:3      | Reached skill level 5 in Dodging
  2935 | D:3      | Reached XP level 7. HP: 37/40 MP: 9/9
  3224 | D:4      | Reached skill level 6 in Dodging
  3555 | D:4      | Reached skill level 7 in Dodging
  3976 | D:4      | Mangled by an ogre

Skill      XL: |  1  2  3  4  5  6  7 |
---------------+----------------------+-----
Dodging        | 2 3 5 7 |  7.1
Short Blades   | 3 4 6 |  6.0
Armour         | 3 |  3.0
Fighting       | |  2.4
Shields        | |  2.4

Action                   |  1- 3 |  4- 6 |  7- 9 || total
-------------------------+-------+-------+-------++-------
Melee: Rapier            |   122 |   237 |   131 ||   490
       Dagger            |       |       |    49 ||    49
  Use: Scroll            |     3 |     8 |       ||    11
       Potion            |       |     5 |     2 ||     7
  Eat: Chunk             |     1 |     6 |     4 ||    11
Armor: Scale mail        |    70 |   109 |       ||   179
       Chain mail        |       |    30 |    90 ||   120
Dodge: Dodged            |    36 |    95 |    38 ||   169
Block: Shield            |    66 |   144 |    71 ||   281
